 Dungeon Crawl Stone Soup version 0.31.0-32-g396128a36d (webtiles) character file.

Game seed: 17272313307563811731

2591 Peloso the Carver (level 9, -4/75 HPs)
             Began as a Minotaur Fighter on Apr 17, 2024.
             Slain by an orc knight
             ... wielding a +0 halberd
              (15 damage)
             ... in a bailey.
             The game lasted 00:12:23 (5888 turns).

Peloso the Carver (Minotaur Fighter)                Turns: 5888, Time: 00:12:24

Health: -4/75      AC: 10    Str: 20    XL:     9   Next: 33%
Magic:  8/8        EV:  7    Int:  5    God:
Gold:   446        SH: 17    Dex: 21    Spells: 8/8 levels left

rFire   . . .        a - +0 scimitar
rCold   . . .        d - +0 tower shield
rNeg    . . .        r - +0 chain mail
rPois   .            (helmet currently unavailable)
rElec   .            (cloak currently unavailable)
rCorr   .            (gloves currently unavailable)
SInv    .            (boots currently unavailable)
Will    .....        z - amulet of regeneration Stlth
                     t - +6 ring of dexterity
HPRegen 1.12/turn    o - +4 ring of slaying
MPRegen 0.11/turn

%: no passive effects
@: mighty, beast-form
A: beast (slay +1), horns 2, retaliatory headbutt
a: Begin Untransformation


You were in a bailey.
You were a hulking beast.
You visited 2 branches of the dungeon, and saw 8 of its levels.
You also visited: Bailey.

You collected 446 gold pieces.

Inventory:

Hand Weapons
 a - a +0 scimitar (weapon)
 b - a +4 long sword
Missiles
 n - 3 throwing nets (quivered)
Armour
 c - a +0 cloak
 d - a +0 tower shield (worn)
 r - a +0 chain mail (worn)
 s - a +0 pair of boots
Jewellery
 e - a ring of flight
 o - a +4 ring of slaying (right hand)
 t - a +6 ring of dexterity (left hand)
 z - an amulet of regeneration (around neck)
 G - a ring of poison resistance
Talismans
 g - a beast talisman (active)
Wands
 q - a wand of roots (3)
 u - a wand of paralysis (9)
Scrolls
 l - 6 scrolls of teleportation
 v - a scroll of silence
 x - 3 scrolls of immolation
 B - a scroll of poison {unknown}
 C - a scroll of noise {unknown}
 D - a scroll of enchant weapon {unknown}
 F - a scroll of brand weapon {unknown}
Potions
 f - 4 potions of mutation
 h - a potion of enlightenment
 i - 2 potions of berserk rage {unknown}
 k - a potion of degeneration {unknown}
 m - 3 potions of heal wounds {unknown}
 w - 2 potions of lignification {unknown}
 A - a potion of brilliance {unknown}
 E - a potion of attraction {unknown}
 H - a potion of haste {unknown}
 I - 2 potions of resistance {unknown}
 J - a potion of experience
 K - 2 potions of invisibility {unknown}


   Skills:
 + Level 6.1 Fighting
 + Level 9.2 Long Blades
 + Level 6.6 Armour
 + Level 2.3 Dodging
 + Level 1.7 Stealth
 + Level 8.5 Shields
 + Level 2.8 Shapeshifting


You had 8 spell levels left.
You didn't know any spells.
Your spell library contained the following spells:

 Spells                   Type           Power      Damage    Failure   Level
 Freeze                   Ice            0%         1d3       100%        1
 Magic Dart               Conj           0%         1d3       100%        1
 Shock                    Conj/Air       0%         1d3       100%        1
 Searing Ray              Conj           0%         2d4       100%        2
 Frozen Ramparts          Ice            0%         1d1       100%        3
 Hailstorm                Conj/Ice       0%         3d5       100%        3
 Swiftness                Air            0%         N/A       100%        3
 Airstrike                Air            0%         2d(0-16)  100%        4
 Fulminant Prism          Conj/Alch      0%         3d5       100%        4


Dungeon Overview and Level Annotations

Branches:
Dungeon (7/15)             Temple (1/1) D:6          Bailey (1/1)

Altars:
Ashenzari
Cheibriados
Dithmenos
Elyvilon
Fedhas
Gozag
Hepliaklqana
Kikubaaqudgha
Makhleb
Nemelex Xobeh
Qazlal
Uskayaw
Wu Jian
Xom
Zin
The Shining One


Innate Abilities, Weirdness & Mutations

You are a hulking beast.
Your limbs bulge with bestial killing power. (Slay +1)
You have a pair of horns on your head.
You reflexively headbutt those who attack you in melee.


Message History

You block the orc's attack.
There is an open door, spattered with blood here.
Items here: )))) [ ††.
You closely miss the orc knight. You block the orc knight's attack.
The orc warrior closely misses you. You block the orc's attack.
You slice the orc knight!!
The orc knight is moderately wounded.
The orc knight hits you with a +0 halberd!
The orc warrior hits you with a +0 spear.
* * * LOW HITPOINT WARNING * * *
The orc hits you with a +0 spear.
* * * LOW HITPOINT WARNING * * *
You block the orc knight's attack. You block the orc warrior's attack.
The orc hits you with a +0 spear.
* * * LOW HITPOINT WARNING * * *
You feel better. You block the orc knight's attack.
You block the orc warrior's attack. The orc hits you but does no damage.
You block the orc knight's attack.
The orc warrior attacks as it pursues you!
You block the orc warrior's attack. You block the orc's attack.
You barely miss the orc warrior. You block the orc knight's attack.
The orc warrior hits you but does no damage.
The orc closely misses you.
You slash the orc warrior! Your headbutt misses the orc warrior.
The orc warrior is heavily wounded.
The orc knight hits you from afar with a +0 halberd!
* * * LOW HITPOINT WARNING * * *
The orc hits you but does no damage.
You slash the orc warrior! Your headbutt misses the orc warrior.
The orc warrior is almost dead.
You block the orc knight's attack. You block the orc warrior's attack.
You block the orc's attack.
Unknown command.
You hit the orc warrior but do no damage.
The orc warrior is almost dead.
You block the orc knight's attack. You block the orc warrior's attack.
The orc hits you from afar with a +0 spear!
* * * LOW HITPOINT WARNING * * *
The orc knight hits you from afar with a +0 halberd!
You die...

##.....##
#.......#
#.......#
#..#.#..#
#..#8#).#
#...))).#
##.oo).##
###)###
#.oh#
#...#
#...#
#...#
###'###
##.....##
#.......#
#.......#
#.......#


You could see an orc knight, an orc warrior (strong) and an orc (strong).

Vanquished Creatures
  An orc knight (Bailey)
  Grinder (D:4)
  Eustachio (D:3)
  Menkaure (D:4)
  2 orc warriors (Bailey)
  A sky beast (D:6)
  An ogre (D:6)
  2 phantoms (D:5)
  2 bullfrogs (D:6)
  A scorpion (D:5)
  3 wights (D:3)
  4 bombardier beetles
  3 hounds (D:6)
  A jelly (D:5)
  A gnoll bouda (D:6)
  2 orc priests
  Crazy Yiuf (D:3)
  2 iguanas (D:5)
  Ijyb (D:3)
  3 orc wizards
  Robin (D:2)
  16 gnolls
  9 adders
  2 ufetubi (D:6)
  2 ribbon worms (D:2)
  A dart slug (D:2)
  35 orcs
  2 bats
  6 endoplasms
  4 giant cockroaches
  22 goblins
  8 hobgoblins
  3 quokkas
  2 ball pythons (D:1)
  2 frilled lizards (D:1)
  4 kobolds
  6 rats
159 creatures vanquished.

Notes
Turn   | Place    | Note
-------+----------+-------------------------------------------
     0 | D:1      | Peloso the Minotaur Fighter began the quest for the Orb.
     0 | D:1      | Reached XP level 1. HP: 19/19 MP: 0/0
   139 | D:1      | Reached XP level 2. HP: 27/27 MP: 1/1
   698 | D:2      | Reached XP level 3. HP: 30/33 MP: 2/2
   804 | D:2      | Noticed Robin
   813 | D:2      | Reached skill level 3 in Long Blades
   928 | D:2      | Killed Robin
   929 | D:2      | Reached skill level 1 in Shapeshifting
  1091 | D:2      | Reached XP level 4. HP: 41/41 MP: 3/3
  1719 | D:3      | Reached XP level 5. HP: 37/47 MP: 4/4
  1767 | D:3      | Reached skill level 4 in Long Blades
  1932 | D:3      | Reached XP level 6. HP: 53/53 MP: 5/5
  1982 | D:3      | Identified the +0 robe "Udezowoi" {Will- Str+2 Int+3}
  2063 | D:3      | Found a faded altar of an unknown god.
  2068 | D:3      | Found a hide-covered altar of Uskayaw.
  2266 | D:3      | Found a runed translucent door.
  2267 | D:3      | Noticed Crazy Yiuf
  2301 | D:3      | Noticed Ijyb
  2307 | D:3      | Killed Ijyb
  2430 | D:4      | Noticed Eustachio
  2443 | D:3      | Killed Eustachio
  2444 | D:3      | Reached skill level 5 in Fighting
  2444 | D:3      | Reached skill level 5 in Long Blades
  2444 | D:3      | Reached skill level 1 in Dodging
  2444 | D:3      | Reached skill level 5 in Shields
  2493 | D:4      | Noticed Grinder
  2500 | D:4      | Paralysed by Grinder for 5 turns
  2511 | D:4      | Killed Grinder
  2512 | D:4      | Reached skill level 5 in Armour
  2512 | D:4      | Reached skill level 1 in Stealth
  2512 | D:4      | Reached XP level 7. HP: 33/61 MP: 6/6
  2629 | D:4      | Noticed Menkaure
  2636 | D:4      | Killed Menkaure
  2637 | D:4      | Reached skill level 6 in Long Blades
  2813 | D:4      | Identified the +10 whip of Hocu {antimagic, Int+4}
  3278 | D:4      | Found an ornate altar of the Wu Jian Council.
  3561 | D:5      | Entered Level 5 of the Dungeon
  3775 | D:5      | Reached XP level 8. HP: 43/68 MP: 7/7
  3907 | D:5      | Reached skill level 7 in Long Blades
  4497 | D:6      | Reached skill level 8 in Long Blades
  4543 | D:6      | Found an ancient bone altar of Kikubaaqudgha.
  5022 | D:6      | Found a glowing golden altar of the Shining One.
  5043 | D:6      | Found a staircase to the Ecumenical Temple.
  5109 | Temple   | Entered the Ecumenical Temple
  5491 | D:3      | Killed Crazy Yiuf
  5492 | D:3      | Reached XP level 9. HP: 75/75 MP: 8/8
  5591 | D:7      | Found a flagged portal.
  5612 | Bailey   | Entered a bailey
  5694 | Bailey   | Reached skill level 9 in Long Blades
  5790 | Bailey   | Noticed an orc knight
  5820 | Bailey   | Killed an orc knight
  5850 | Bailey   | Noticed an orc knight
  5888 | Bailey   | Slain by an orc knight

Illustrated notes

Levels and vault maps discovered:
D:1:      minmay_arrival_stone_box, layout_rooms
D:2:      layout_basic, uniq_robin
D:3:      layout_basic, nicolae_overflow_ecumenical_swirl, st_stairs_8,
          uniq_ijyb, uniq_crazy_yiuf_cottage
D:4:      layout_loops_ring, nzn_wu_jian_council_hall, uniq_menkaure,
          uniq_eustachio, uniq_grinder
D:5:      layout_cave_pools, st_stairs_12, bh_walls_and_bars
D:6:      layout_cave_pods, kiku_gazebo_garden_becter, tso_altar,
          minmay_temple_entry_overgrown
D:7:      layout_basic, mainiacjoe_overflow_24_doors,
          yredelemnul_forgotten_temple_becter, enter_bailey_3
Temple:   hellmonk_temple_flake
Bailey:   bailey_polearm_5, bailey

Skill      XL: |  1  2  3  4  5  6  7  8  9 |
---------------+----------------------------+-----
Armour         | 4 5 6 |  6.6
Fighting       | 4 5 6 |  6.1
Long Blades    | 3 4 5 6 8 9 |  9.2
Shapeshifting  | 1 2 |  2.8
Shields        | 4 5 6 7 8 |  8.5
Dodging        | 1 2 |  2.3
Stealth        | 1 |  1.7

Action                     |  1- 3 |  4- 6 |  7- 9 || total
---------------------------+-------+-------+-------++-------
  Melee: Long sword        |    86 |    38 |       ||   124
         Headbutt          |     8 |    20 |    40 ||    68
         Scimitar          |       |    45 |   197 ||   242
  Evoke: Wand              |       |     1 |       ||     1
    Use: Potion            |     1 |       |     3 ||     4
         Scroll            |       |     1 |     7 ||     8
   Stab: Paralysed         |       |     3 |       ||     3
 Armour: Scale mail        |    62 |    40 |    77 ||   179
         Chain mail        |       |       |    41 ||    41
  Dodge: Dodged            |    26 |     9 |    53 ||    88
  Block: Buckler           |    17 |       |       ||    17
         Tower shield      |    26 |    61 |   304 ||   391
   Form: Beast             |     1 |       |       ||     1
